 Dungeon Crawl Stone Soup version 0.22-a0-872-g6a232dd (webtiles) character file.

25 prawnwizard the Ducker (level 2, 0/15 HPs)
             Began as a Spriggan Gladiator on July 28, 2018.
             Succumbed to Terence's poison
             ... on level 1 of the Dungeon.
             The game lasted 00:00:49 (923 turns).

prawnwizard the Ducker (Spriggan Gladiator)          Turns: 923, Time: 00:00:49

Health: 0/15       AC:  2    Str: 10    XL:     2   Next: 86%
Magic:  3/3        EV: 20    Int:  9    God:
Gold:   30         SH:  0    Dex: 17    Spells: 1/1 levels left

rFire    . . .     SeeInvis +   a - +0 quarterstaff
rCold    . . .     Gourm    .   (shield currently unavailable)
rNeg     . . .     Faith    .   b - +0 robe
rPois    .         Spirit   .   c - +0 hat
rElec    .         Reflect  .   (no cloak)
rCorr    .         Harm     .   (gloves unavailable)
MR       .....                  (boots unavailable)
Stlth    ++........             (no amulet)
HPRegen  0.05/turn              (no ring)
MPRegen  0.08/turn              (no ring)

@: lethally poisoned (0 -> -20), very quick
A: very small, unfitting armour, see invisible, herbivore, speed 3, slow
metabolism 2
a: no special abilities


You were on level 1 of the Dungeon.
You were not hungry.

You visited 1 branch of the dungeon, and saw 2 of its levels.

You collected 30 gold pieces.

Inventory:

Hand Weapons
 a - a +0 quarterstaff (weapon)
Missiles
 d - 3 throwing nets (quivered)
Armour
 b - a +0 robe (worn)
 c - a +0 hat (worn)
Scrolls
 e - a scroll of enchant armour {unknown}
 g - a scroll of blinking {unknown}
 h - a scroll of random uselessness {unknown}
 j - a scroll of fog {unknown}
 l - 2 scrolls of identify {unknown}
 m - a scroll of enchant weapon {unknown}
 n - a scroll of fear {unknown}
Potions
 i - a potion of resistance {unknown}
 k - a potion of curing {unknown}
Comestibles
 f - 2 rations


   Skills:
 - Level 1.7 Fighting
 * Level 2.6 Staves
 + Level 2.3 Throwing
 + Level 4.8 Dodging


You had one spell level left.
You didn't know any spells.
Your spell library was empty.

Dungeon Overview and Level Annotations

Branches:
Dungeon (2/15)

Altars:

Annotations:
D:1 Terence


Innate Abilities, Weirdness & Mutations

You are very small and have problems with some larger weapons.
You are too small for most types of armour.
You have supernaturally acute eyesight. (SInv)
You are a herbivore.
You cover ground extremely quickly.
You need to consume almost no food.


Message History

You climb downwards.
Level annotation: Terence Terence hits you with a short sword of venom!
Ouch! That really hurt!
You are lethally poisoned!
There is a stone staircase leading up here.
You are too injured to fight recklessly!
You feel sick. Terence completely misses you.
You climb upwards.
* * * LOW HITPOINT WARNING * * *
You feel sick.
There is a stone staircase leading down here.
* * * LOW HITPOINT WARNING * * *
You feel sick. Terence hits you but does no damage.
You are more poisoned.
* * * LOW HITPOINT WARNING * * *
You feel sick.
* * * LOW HITPOINT WARNING * * *
You feel sick.
You see here a club.
You die...

..#......#..##### #..........#
.##.##.###...######..........#
.##)##.#...........###.#######
.....#.#.#.#..####.###.###
.##..#.#.#.##.## #.......#
.##..#.#.#.##..###.......#
.#####.#.#.#.....#.......#
.#.......#.#.#.#.#.......#
.#.###.###.#.#..@#.......#
.#...#.##....#..).#......#
.###.#.......#....#......#
.###.###.....#.#@#......##
.......#.....#..>.......#
####...#.....#####.[....# #
###.#.....#####..>...#
#.#.#(.............#
#####.#..............#


You could see Terence.

Vanquished Creatures
  An adder (D:1)
  An ooze (D:1)
  A leopard gecko (D:1)
  A giant cockroach (D:1)
  2 goblins (D:1)
  A hobgoblin (D:1)
  A kobold (D:1)
  A bat (D:1)
  A frilled lizard (D:1)
  2 rats (D:1)
12 creatures vanquished.

Notes
Turn   | Place    | Note
-------+----------+-------------------------------------------
     0 | D:1      | prawnwizard the Spriggan Gladiator began the quest for the Orb.
     0 | D:1      | Reached XP level 1. HP: 10/10 MP: 2/2
   301 | D:1      | Reached XP level 2. HP: 15/15 MP: 3/3
   728 | D:2      | Noticed Terence
   923 | D:1      | Succumbed to Terence's poison

Vault maps used:
D:1:      minmay_arrival_checkered_box
D:2:      grunt_ministairs_7, uniq_robin, uniq_terence, uniq_sigmund

Action                   || total
-------------------------++-------
Melee: Quarterstaff      ||    29
 Stab: Sleeping          ||     1
Armor: Robe              ||     3
Dodge: Dodged            ||    23

Table legend:
 A = Spawn XP
 B = Non-spawn XP
 C = Spawn XP percentage of total XP
 D = Spawn monster count
 E = Non-spawn monster count
 F = Spawn count percentage of total count
 G = Total turns spent on level
                    A         B        C        D         E        F      G
               +---------+---------+-------+---------+---------+-------+---------
         Total |       0 |      37 |   0.0 |       0 |      12 |   0.0 |   923
               +---------+---------+-------+---------+---------+-------+---------
           D:1 |       0 |      37 |   0.0 |       0 |      12 |   0.0 |   919
               +---------+---------+-------+---------+---------+-------+---------
